 Dungeon Crawl Stone Soup version 0.22-a0-181-gb22368a (webtiles) character file.

14 MatthieuS the Skirmisher (level 2, -1/24 HPs)
             Began as a Human Wanderer on Feb 14, 2018.
             Slain by a jackal (3 damage)
             ... on level 1 of the Dungeon.
             The game lasted 00:02:44 (314 turns).

MatthieuS the Skirmisher (Human Wanderer)            Turns: 314, Time: 00:02:44

Health: -1/24      AC:  7    Str: 10    XL:     2   Next: 55%
Magic:  2/2        EV:  8    Int: 15    God:
Gold:   41         SH:  0    Dex: 11    Spells: 1/1 levels left

rFire    . . .     SeeInvis .   a - +0 dagger (venom)
rCold    . . .     Gourm    .   (no shield)
rNeg     . . .     Faith    .   i - +0 scale mail
rPois    .         Spirit   .   (no helmet)
rElec    .         Reflect  .   (no cloak)
rCorr    .         Harm     .   (no gloves)
MR       .....                  j - +0 pair of boots (curse)
Stlth    ..........             (no amulet)
HPRegen  0.08/turn              (no ring)
MPRegen  0.08/turn              (no ring)

@: flying (expiring)
A: no striking features
a: no special abilities


You were on level 1 of the Dungeon.
You were not hungry.

You visited 1 branch of the dungeon, and saw 2 of its levels.

You collected 41 gold pieces.

Inventory:

Hand Weapons
 a - a +0 dagger of venom (weapon)
 e - a +2 blowgun
 q - a +0 quarterstaff
 w - a +0 shortbow
Missiles
 b - a curare-tipped needle
 d - 23 arrows
Armour
 i - a +0 scale mail (worn)
 j - a cursed +0 pair of boots (worn)
Jewellery
 h - an uncursed ring of fire
Comestibles
 c - 8 chunks of flesh
 g - a ration


   Skills:
 + Level 3.0 Fighting
 + Level 1.1 Staves
 + Level 1.2 Bows
 + Level 1.1 Throwing
 + Level 2.2 Armour
 + Level 1.3 Dodging
 + Level 1.2 Stealth


You had one spell level left.
You didn't know any spells.

Dungeon Overview and Level Annotations

Branches:
Dungeon (2/15)

Altars:


Message History

There is a stone staircase leading up here.
The jackal barely misses you. The jackal bites you.
* * * LOW HITPOINT WARNING * * *
You fly upwards.
There is a stone staircase leading down here.
The jackal bites you but does no damage.
The jackal closely misses you.
The jackal bites you but does no damage.
The jackal barely misses you.
The jackal bites you but does no damage.
You are starting to lose your buoyancy.
The jackal bites you.
* * * LOW HITPOINT WARNING * * *
You hit the jackal but do no damage.
The jackal is poisoned.
The jackal barely misses you. The jackal barely misses you.
You hit the jackal.
The jackal looks as sick as possible!
The jackal is heavily wounded.
The jackal bites you.
You die...

***** *,,,* *..,** #### ##### **
*...,* #..###...# ,*
*....#############.......###
,*****........hh@................
,*,,,,.....[..########....###....
,,,***#.#.###...####...#..# #....
,***,,,,#.* ###...........###....
,* *,***#.#* ##h................
,***,* #..## #.....#......#.###.
***,.####...###...###.....##+# ##
,,,,.........#...####.....##.##
**#.###....................#..##


You could see 2 jackals.

Vanquished Creatures
  A leopard gecko (D:1)
  A giant cockroach (D:1)
  4 goblins (D:1)
  A hobgoblin (D:1)
  2 kobolds (D:1)
  A frilled lizard (D:1)
  2 rats (D:1)
12 creatures vanquished.

Notes
Turn   | Place    | Note
-------+----------+-------------------------------------------
     0 | D:1      | MatthieuS the Human Wanderer began the quest for the Orb.
     0 | D:1      | MatthieuS set off with: a curare-tipped needle, a +2 blowgun, a +0 shortbow, 23 arrows, a +0 quarterstaff, a +0 robe, a ration
     0 | D:1      | Reached XP level 1. HP: 18/18 MP: 1/1
   136 | D:1      | Reached XP level 2. HP: 19/24 MP: 2/2
   299 | D:2      | HP: 1/24 [jackal (1)]
   311 | D:1      | HP: 1/24 [jackal (1)]
   314 | D:1      | Slain by a jackal

Vault maps used:
D:1:      mrwooster_arrival_arrow
D:2:      nemelex_lonely_heart_becter

Action                   || total
-------------------------++-------
Melee: Quarterstaff      ||    49
       Dagger            ||     2
  Use: Scroll            ||     3
       Potion            ||     1
Armor: Scale mail        ||    22
       Robe              ||     1
Dodge: Dodged            ||    34

Table legend:
 A = Spawn XP
 B = Non-spawn XP
 C = Spawn XP percentage of total XP
 D = Spawn monster count
 E = Non-spawn monster count
 F = Spawn count percentage of total count
 G = Total turns spent on level
                    A         B        C        D         E        F      G
               +---------+---------+-------+---------+---------+-------+---------
         Total |       0 |      20 |   0.0 |       0 |      12 |   0.0 |   314
               +---------+---------+-------+---------+---------+-------+---------
           D:1 |       0 |      20 |   0.0 |       0 |      12 |   0.0 |   299
               +---------+---------+-------+---------+---------+-------+---------
